 Dungeon Crawl Stone Soup version 0.26.0-45-g9c1d065592 (webtiles) character file.

Game seed: 10403986849755521891

135 Destapler the Cudgeller (level 4, -1/40 HPs)
             Began as a Minotaur Fighter on Jan 29, 2021.
             Slain by a goblin (5 damage)
             ... led by Robin
             ... on level 3 of the Dungeon.
             The game lasted 00:03:58 (2050 turns).

Destapler the Cudgeller (Minotaur Fighter)          Turns: 2050, Time: 00:03:59

Health: -1/40      AC:  8    Str: 22    XL:     4   Next: 96%
Magic:  3/3        EV:  7    Int:  5    God:
Gold:   109        SH: 14    Dex:  9    Spells: 3/3 levels left

rFire    + . .     SeeInvis .   a - +0 flail
rCold    . . .     Faith    .   c - +0 kite shield
rNeg     . . .     Spirit   .   b - +0 scale mail
rPois    .         Reflect  +   (helmet restricted)
rElec    .         Harm     .   j - +0 cloak
rCorr    .         Rampage  .   (no gloves)
Will     .....                  (no boots)
Stlth    ..........             i - amulet of reflection
HPRegen  0.13/turn              f - ring of protection from fire
MPRegen  0.08/turn              (no ring)

@: mighty
A: retaliatory headbutt, horns 2
a: no special abilities


You were on level 3 of the Dungeon.
You visited 1 branch of the dungeon, and saw 3 of its levels.

You collected 109 gold pieces.

Inventory:

Hand Weapons
 a - a +0 flail (weapon)
Missiles
 m - 12 boomerangs (quivered)
Armour
 b - a +0 scale mail (worn)
 c - a +0 kite shield (worn)
 j - a +0 cloak (worn)
Jewellery
 e - an uncursed amulet of guardian spirit
 f - a ring of protection from fire (left hand)
 i - an amulet of reflection (around neck)
 s - an uncursed amulet of faith {unknown}
Wands
 r - a wand of iceblast (4)
Scrolls
 h - a scroll of remove curse
 o - a scroll of fear {unknown}
 p - a scroll of teleportation {unknown}
 q - 3 scrolls of identify {unknown}
 t - a scroll of amnesia {unknown}
 v - a scroll of enchant weapon {unknown}
Potions
 d - a potion of might
 g - a potion of degeneration {unknown}
 k - 2 potions of curing {unknown}
 l - 2 potions of invisibility {unknown}
 n - a potion of haste {unknown}
 u - a potion of cancellation {unknown}


   Skills:
 - Level 4.2 Fighting
 + Level 4.8 Maces & Flails
 - Level 4.2 Armour
 + Level 4.4 Shields


You had 3 spell levels left.
You didn't know any spells.
Your spell library was empty.

Dungeon Overview and Level Annotations

Branches:
Dungeon (3/15)

Altars:

Annotations:
D:3 Robin


Innate Abilities, Weirdness & Mutations

You reflexively headbutt those who attack you in melee.
You have a pair of horns on your head.


Message History

You kill the bat!
You block the goblin's attack. The goblin hits you with a +0 dagger!
* * * LOW HITPOINT WARNING * * *
Robin throws the goblin at you! You block the goblin's attack. x2
You hit the goblin. Your headbutt misses the goblin.
The goblin is moderately wounded.
The goblin closely misses you. You block the goblin's attack.
Robin roars a battlecry!
The goblin closely misses you. You block the goblin's attack.
The hobgoblin hits you with a +0 club.
* * * LOW HITPOINT WARNING * * *
You block the goblin's attack.
You are too injured to fight recklessly!
You feel very mighty all of a sudden.
The hobgoblin no longer looks unusually strong.
The goblin hits you with a +0 club.
* * * LOW HITPOINT WARNING * * *
An orc comes into view. It is wielding a +0 war axe.
You block the goblin's attack. The goblin hits you.
You die...

..##.........†)..g..#
#.......†....g..g#
.###.....###gg..# #
#.......##(.#### ..
#........(g## ...
#.......#$..#####..#
#.........#.g..>...##
######.#....ggg....o.
#...####@g###.. ##..#
#g## ##. ... .. ...##
.. .#... ...... ##
#... #...#


You could see Robin, an orc (wandering), 2 hobgoblins and 4 goblins.

Vanquished Creatures
  2 gnolls (D:1)
  5 adders (D:2)
  2 worms
  A dart slug (D:1)
  A leopard gecko (D:1)
  An orc (D:3)
  A ball python (D:2)
  3 bats
  4 giant cockroaches
  6 hobgoblins
  8 jackals
  12 frilled lizards
  8 goblins
  4 kobolds
  6 rats
64 creatures vanquished.

Notes
Turn   | Place    | Note
-------+----------+-------------------------------------------
     0 | D:1      | Destapler the Minotaur Fighter began the quest for the Orb.
     0 | D:1      | Reached XP level 1. HP: 19/19 MP: 0/0
   276 | D:1      | Reached XP level 2. HP: 27/27 MP: 1/1
   727 | D:1      | Reached XP level 3. HP: 22/33 MP: 2/2
  1410 | D:2      | Reached XP level 4. HP: 40/40 MP: 3/3
  2031 | D:3      | Noticed Robin
  2050 | D:3      | Slain by a goblin

Illustrated notes

Levels and vault maps discovered:
D:1:      dpeg_arrival_brainrot, layout_loops_corners
D:2:      layout_basic
D:3:      layout_rooms, uniq_robin

Skill      XL: |  1  2  3  4 |
---------------+-------------+-----
Fighting       | 4 |  4.2
Shields        | 4 |  4.4
Armour         | 4 |  4.2
Maces & Flails | 3 4 |  4.8

Action                   |  1- 3 |  4- 6 || total
-------------------------+-------+-------++-------
Melee: Flail             |   104 |    53 ||   157
       Headbutt          |    15 |    11 ||    26
  Use: Scroll            |       |     1 ||     1
       Potion            |       |     1 ||     1
Armor: Scale mail        |    40 |    16 ||    56
Dodge: Dodged            |    38 |    16 ||    54
Block: Kite shield       |    38 |    41 ||    79
